 Dungeon Crawl Stone Soup version 0.25.0-9-g26727b657a (webtiles) character file.

Game seed: 17407433797683006161

89 Chiseanne the Cudgeler (level 4, 0/34 HPs)
             Began as a Gnoll Wanderer on June 19, 2020.
             Slain by an orc (3 damage)
             ... on level 3 of the Dungeon.
             The game lasted 00:04:33 (3517 turns).

Chiseanne the Cudgeler (Gnoll Wanderer)             Turns: 3517, Time: 00:04:34

Health: 0/34       AC:  6    Str: 16    XL:     4   Next: 55%
Magic:  8/8        EV:  7    Int: 13    God:
Gold:   92         SH:  9    Dex: 15    Spells: 9/9 levels left

rFire    . . .     SeeInvis .   a - +0 war axe
rCold    . . .     Gourm    .   b - +0 kite shield
rNeg     . . .     Faith    .   d - +0 scale mail
rPois    .         Spirit   .   (no helmet)
rElec    .         Reflect  .   (no cloak)
rCorr    .         Harm     .   (no gloves)
MR       .....                  (no boots)
Stlth    +.........             (no amulet)
HPRegen  0.11/turn              (no ring)
MPRegen  0.11/turn              (no ring)

@: flying
A: distributed training, fangs 1, strong nose
a: no special abilities


You were on level 3 of the Dungeon.
You were not hungry.

You visited 1 branch of the dungeon, and saw 3 of its levels.

You collected 92 gold pieces.

Inventory:

Hand Weapons
 a - a +0 war axe (weapon)
 s - a +0 mace
 w - a +0 hunting sling
Missiles
 i - 20 bolts
 l - 7 sling bullets
 p - 12 poisoned darts (quivered)
Armour
 b - a +0 kite shield (worn)
 d - a +0 scale mail (worn)
Scrolls
 e - 3 scrolls of teleportation
 k - a scroll of remove curse
 n - 3 scrolls of magic mapping
Potions
 c - 2 potions of ambrosia
 g - a potion of curing
Comestibles
 f - 5 rations


   Skills:
 + Level 2.7 Fighting
 + Level 1.1 Short Blades
 + Level 1.1 Long Blades
 + Level 1.1 Axes
 + Level 6.6 Maces & Flails
 + Level 1.1 Polearms
 + Level 1.1 Staves
 + Level 1.1 Slings
 + Level 1.1 Bows
 + Level 1.1 Crossbows
 + Level 1.1 Throwing
 + Level 2.7 Armour
 + Level 1.1 Dodging
 + Level 2.5 Stealth
 + Level 2.7 Shields
 + Level 1.1 Unarmed Combat
 + Level 3.0 Spellcasting
 + Level 0.9 Conjurations
 + Level 0.9 Hexes
 + Level 0.9 Charms
 + Level 0.9 Summonings
 + Level 0.9 Necromancy
 + Level 0.9 Translocations
 + Level 0.9 Transmutations
 + Level 0.9 Fire Magic
 + Level 0.9 Ice Magic
 + Level 2.2 Air Magic
 + Level 2.2 Earth Magic
 + Level 0.9 Poison Magic
 + Level 1.2 Invocations
 + Level 1.1 Evocations


You had 9 spell levels left.
You didn't know any spells.
Your spell library contained the following spells:

 Spells                   Type           Power        Failure   Level  Hunger
 Sandblast                Erth           #.....       83%         1    #......
 Stone Arrow              Conj/Erth      #.....       99%         3    ###....


Dungeon Overview and Level Annotations

Branches:
Dungeon (3/15)

Altars:


Innate Abilities, Weirdness & Mutations

Your experience applies equally to all skills.
You have very sharp teeth.
Your uncanny sense of smell can sniff out nearby items.


Message History

The orc wizard hits you with a +0 dagger.
* * * LOW HITPOINT WARNING * * *
You feel better.
The orc wizard hits you with a +0 dagger.
You block the orc's attack. The orc priest barely misses you.
The orc barely misses you.
You slash the orc priest!
You bite the orc priest, but do no damage.
The orc priest is heavily wounded.
You hit the orc but do no damage. You closely miss the orc.
You closely miss the orc wizard.
The orc wizard gestures at you while chanting.
The magic dart hits you.
* * * LOW HITPOINT WARNING * * *
You block the orc's attack. You block the orc priest's attack.
The orc hits you but does no damage.
The orc wizard hits you with a +0 dagger.
* * * LOW HITPOINT WARNING * * *
The orc hits you but does no damage. The orc hits you.
You die...

# ∆ # ### #.# ### ## #..
... ..# .## #.# #.# #.#
..# #.# #.# #.# #+## ..#
#.# #.# #.# #...## ..#
#.# #.###.# #.....# ..#
#.# #..##.###o......
#.###.###...#.##@o......
...............'oo......
#.###.........##........
..# #.###..##.###.......
### #.# #.###.# #.....#
#.#...# #.# #...##
#.#.### #.# #+## #.#.
#.# #.# #.#


You could see an orc priest, an orc wizard (fast) and 2 orcs.

Vanquished Creatures
  An adder (D:2)
  2 worms
  3 leopard geckos
  2 orcs (D:3)
  6 giant cockroaches
  10 goblins
  10 hobgoblins
  7 jackals (D:1)
  A ball python (D:1)
  5 bats
  4 frilled lizards
  4 kobolds
  9 rats
64 creatures vanquished.

Notes
Turn   | Place    | Note
-------+----------+-------------------------------------------
     0 | D:1      | Chiseanne the Gnoll Wanderer began the quest for the Orb.
     0 | D:1      | Chiseanne set off with the following items: a +0 mace, a +0
                  | kite shield, a +0 robe, a ration; and the following spell
                  | memorised: Sandblast; and the following spells available to
                  | memorise: Stone Arrow
     0 | D:1      | Reached XP level 1. HP: 17/17 MP: 4/4
   201 | D:1      | Reached XP level 2. HP: 20/23 MP: 5/5
   554 | D:1      | Reached XP level 3. HP: 21/28 MP: 7/7
  1283 | D:1      | Reached skill level 1 in Invocations
  1863 | D:2      | Reached skill level 1 in Short Blades
  1863 | D:2      | Reached skill level 1 in Long Blades
  1863 | D:2      | Reached skill level 1 in Axes
  1863 | D:2      | Reached skill level 1 in Polearms
  1863 | D:2      | Reached skill level 1 in Staves
  1863 | D:2      | Reached skill level 1 in Slings
  1863 | D:2      | Reached skill level 1 in Bows
  1863 | D:2      | Reached skill level 1 in Crossbows
  1863 | D:2      | Reached skill level 1 in Throwing
  1863 | D:2      | Reached skill level 1 in Dodging
  1863 | D:2      | Reached skill level 1 in Unarmed Combat
  1863 | D:2      | Reached skill level 1 in Evocations
  1863 | D:2      | Reached XP level 4. HP: 17/34 MP: 8/8
  3517 | D:3      | Slain by an orc

Illustrated notes

Levels and vault maps discovered:
D:1:      dpeg_arrival_rooms_b, layout_basic
D:2:      layout_basic, corexii_item_surrounded_by_moat
D:3:      layout_loops_corners, roderic_lattice_a

Skill      XL: |  1  2  3  4 |
---------------+-------------+-----
Air Magic      | 2 |  2.2
Earth Magic    | 2 |  2.2
Invocations    | 1 |  1.2
Short Blades   | 1 |  1.1
Long Blades    | 1 |  1.1
Axes           | 1 |  1.1
Polearms       | 1 |  1.1
Staves         | 1 |  1.1
Slings         | 1 |  1.1
Bows           | 1 |  1.1
Crossbows      | 1 |  1.1
Throwing       | 1 |  1.1
Dodging        | 1 |  1.1
Unarmed Combat | 1 |  1.1
Evocations     | 1 |  1.1
Spellcasting   | 3 |  3.0
Fighting       | |  2.7
Maces & Flails | |  6.6
Armour         | |  2.7
Stealth        | |  2.5
Shields        | |  2.7
Conjurations   | |  0.9
Hexes          | |  0.9
Charms         | |  0.9
Summonings     | |  0.9
Necromancy     | |  0.9
Translocations | |  0.9
Transmutations | |  0.9
Fire Magic     | |  0.9
Ice Magic      | |  0.9
Poison Magic   | |  0.9

Action                   |  1- 3 |  4- 6 || total
-------------------------+-------+-------++-------
Melee: Mace              |   174 |    50 ||   224
       Bite              |    14 |    10 ||    24
       War axe           |       |    10 ||    10
Throw: Dart              |       |     4 ||     4
  Use: Scroll            |     6 |     2 ||     8
       Potion            |       |     2 ||     2
 Stab: Sleeping          |     1 |     2 ||     3
  Eat: Chunk             |     3 |     5 ||     8
Armor: Robe              |    27 |       ||    27
       Ring mail         |    15 |    10 ||    25
       Scale mail        |       |    13 ||    13
Dodge: Dodged            |    41 |    25 ||    66
Block: Kite shield       |    87 |    27 ||   114
